 Dungeon Crawl Stone Soup version 0.30-a0-760-g5a9884bb7c (webtiles) character file.

Game seed: 9544622796188679790

42 Drevant2 the Sneak (level 3, -1/27 HPs)
             Began as a Demonspawn Brigand on Feb 11, 2023.
             Slain by a gnoll
             ... wielding a +0 spear
              (5 damage)
             ... on level 2 of the Dungeon.
             The game lasted 00:03:46 (1458 turns).

Drevant2 the Sneak (Demonspawn Brigand)             Turns: 1458, Time: 00:03:47

Health: -1/27      AC:  4    Str: 11    XL:     3   Next: 33%
Magic:  3/3        EV: 11    Int: 12    God:
Gold:   45         SH:  0    Dex: 16    Spells: 2/2 levels left

rFire   . . .      SeeInvis .    a - +2 dagger
rCold   . . .      Faith    .    (no shield)
rNeg    . . .      Spirit   .    b - +0 robe
rPois   .          Reflect  .    (no helmet)
rElec   .          Harm     .    c - +0 cloak
rCorr   .          Rampage  .    n - +0 pair of gloves
Will    .....                    (no boots)
Stlth   +++                      (no amulet)
HPRegen 0.24/turn                (no ring)
MPRegen 0.16/turn                (no ring)

@: no status effects
A: magic regeneration
a: no special abilities


You were on level 2 of the Dungeon.
You visited 1 branch of the dungeon, and saw 2 of its levels.

You collected 45 gold pieces.

Inventory:

Hand Weapons
 a - a +2 dagger (weapon)
Missiles
 d - 9 poisoned darts (quivered)
 e - 3 curare-tipped darts
Armour
 b - a +0 robe (worn)
 c - a +0 cloak (worn)
 n - a +0 pair of gloves (worn)
Scrolls
 g - a scroll of enchant weapon {unknown}
 i - a scroll of noise {unknown}
 m - a scroll of amnesia {unknown}
 o - a scroll of fear {unknown}
Potions
 f - a potion of cancellation {unknown}
 h - 3 potions of berserk rage {unknown}
 j - a potion of curing {unknown}
 k - 2 potions of degeneration {unknown}
 l - a potion of flight {unknown}


   Skills:
 - Level 2.0 Fighting
 * Level 2.8 Short Blades
 + Level 2.2 Throwing
 - Level 0.8 Dodging
 + Level 3.9 Stealth


You had 2 spell levels left.
You didn't know any spells.
Your spell library was empty.

Dungeon Overview and Level Annotations

Branches:
Dungeon (2/15)

Altars:

Shops:
D:1 [(


Innate Abilities, Weirdness & Mutations

You regenerate magic rapidly.


Message History

The hobgoblin closely misses you.
You closely miss the hobgoblin.
The hobgoblin is moderately wounded.
The hobgoblin barely misses you.
You closely miss the hobgoblin.
The hobgoblin is moderately wounded.
The hobgoblin hits you.
You hit the hobgoblin.
You kill the hobgoblin!
You hit the endoplasm.
The endoplasm is almost dead.
The endoplasm barely misses you.
You hit the endoplasm but do no damage.
The endoplasm is severely wounded.
You hit the endoplasm.
You kill the endoplasm!
You start resting.
HP restored.
You see here a hobgoblin corpse.
o - a scroll labelled COBLOGH QUCVEU
Found 7 stones.
A gnoll is nearby!
The gnoll closely misses you.
You hit the gnoll but do no damage. The gnoll hits you with a +0 spear!
You hit the gnoll.
The gnoll is moderately wounded.
The gnoll hits you with a +0 spear.
* * * LOW HITPOINT WARNING * * *
You hit the gnoll.
The gnoll is heavily wounded.
The gnoll hits you with a +0 spear.
* * * LOW HITPOINT WARNING * * *
You barely miss the gnoll.
The gnoll is heavily wounded.
The gnoll hits you with a +0 spear!
* * * LOW HITPOINT WARNING * * *
You hit the gnoll but do no damage.
The gnoll is heavily wounded.
The gnoll hits you with a +0 spear.
You die...

#.######.#
#........#
########.#
#.##########
#.#.........
#†#.#########
#.#†.........
#....########
#.@.## #
####g..#
#.#.#####....#.#
..........#.##.#
##........##.#
#......####.#
#####..# #.#
##...# #.#
#..#.# .#


You could see a gnoll.

Vanquished Creatures
  A gnoll (D:1)
  A bat (D:1)
  8 endoplasms
  3 giant cockroaches
  3 goblins (D:1)
  4 hobgoblins
  A quokka (D:1)
  A ball python (D:2)
  3 frilled lizards (D:1)
  A kobold (D:1)
  2 rats (D:1)
28 creatures vanquished.

Notes
Turn   | Place    | Note
-------+----------+-------------------------------------------
     0 | D:1      | Drevant2 the Demonspawn Brigand began the quest for the
                  | Orb.
     0 | D:1      | Reached XP level 1. HP: 16/16 MP: 1/1
   377 | D:1      | Gained mutation: You regenerate magic rapidly. [demonic
                  | ancestry]
   377 | D:1      | Reached XP level 2. HP: 22/22 MP: 2/2
   398 | D:1      | Found Kihodgha's Antique Weapon Shop.
   424 | D:1      | Found Dupan's Armour Emporium.
  1014 | D:1      | HP: 1/22 [frozen (2)]
  1212 | D:1      | Reached XP level 3. HP: 10/27 MP: 3/3
  1458 | D:2      | Slain by a gnoll

Illustrated notes

Levels and vault maps discovered:
D:1:      wheals_arrival_shading, layout_basic, serial_shops,
          nicolae_shop_behind_doors, shop, serial_bayou_crossing
D:2:      layout_basic, minmay_misc_feat_chi, minmay_tetromino_s2

Skill      XL: |  1 |
---------------+----+-----
Short Blades   | 2 |  2.8
Throwing       | 2 |  2.2
Fighting       | |  2.0
Dodging        | |  0.8
Stealth        | |  3.9

Action                     || total
---------------------------++-------
  Melee: Dagger            ||   107
         Punch             ||     2
   Stab: Sleeping          ||     5
 Armour: Robe              ||    17
  Dodge: Dodged            ||    48

Table legend: (Time is in decaauts)
 A = Elapsed time spent in this place.
 B = Non-inter-level travel time spent in this place.
 C = Inter-level travel time spent in this place.
 D = Time resting spent in this place.
 E = Time spent auto-exploring this place.
 F = Levels seen in this place.
 G = Mean time per level.
                   A        B        C        D        E       F      G
               +--------+--------+--------+--------+--------+-----+--------+
         Total |   1456 |   1283 |    173 |    225 |    798 |   2 |  728.0 |
       Dungeon |   1456 |   1283 |    173 |    225 |    798 |   2 |  728.0 |
               +--------+--------+--------+--------+--------+-----+--------+

Top non-repeatable levels by time:
     D:1: 1282 daAuts
     D:2: 174 daAuts
